 Dungeon Crawl Stone Soup version 0.23-a0-726-g9fa1570 (console) character file.

25965 Duffy the Cleaver (level 13, 123/123 HPs)
             Began as a Naga Fighter on Jan 16, 2019.
             Was an Initiate of Gozag.
             Quit the game on level 2 of the Lair of Beasts.
             The game lasted 00:19:10 (18534 turns).

Duffy the Cleaver (Naga Fighter)                   Turns: 18534, Time: 00:19:11

Health: 123/123    AC: 12    Str: 25    XL:     13   Next: 23%
Magic:  17/17      EV: 11    Int:  9    God:    Gozag
Gold:   2282       SH: 12    Dex: 11    Spells: 12/12 levels left

rFire    . . .     SeeInvis +   B - +2 broad axe (freeze)
rCold    . . .     Gourm    .   c - +0 shield
rNeg     + . .     Faith    .   p - +3 leather armour
rPois    +         Spirit   .   x - +2 hat
rElec    .         Reflect  .   v - +0 cloak
rCorr    .         Harm     .   (no gloves)
MR       +....                  (no barding)
Stlth    +.........             M - amulet of regeneration
HPRegen  0.70/turn              C - ring of positive energy
MPRegen  0.15/turn              l - +2 ring of strength

@: very slow
A: large, see invisible, deformed body, poison resistance, slowness 2, slow
metabolism 1, spit poison 1, constrict 1, AC +4
a: Spit Poison, Potion Petition, Call Merchant, Bribe Branch, Renounce Religion


You were on level 2 of the Lair of Beasts.
You worshipped Gozag.
Gozag was most pleased with you.
You were not hungry.

You visited 3 branches of the dungeon, and saw 15 of its levels.

You collected 3893 gold pieces.
You spent 923 gold pieces at shops.
You paid 688 gold pieces to Gozag.

Inventory:

Hand Weapons
 a - a +0 war axe
 n - a +2 morningstar of freezing
 r - the +7 falchion "Bimpahet" {elec, rPois MR++}
   (You took it off a wight on level 12 of the Dungeon)

   Occasionally, upon striking a foe, it will discharge some electrical energy
   and cause terrible harm.
   It protects you from poison.
   It affects your resistance to hostile enchantments.
 z - a +2 whip of flaming
 A - a +0 blowgun
 B - a +2 broad axe of freezing (weapon)
 J - a +0 scimitar of flaming
Armour
 c - a +0 shield (worn)
 p - a +3 leather armour (worn)
 q - a +0 helmet
 v - a +0 cloak (worn)
 x - a +2 hat (worn)
 E - the +2 leather armour of Eraeda {rElec Str-3 Int+3}
   (You found it on level 11 of the Dungeon)

   It affects your strength (-3).
   It affects your intelligence (+3).
   It insulates you from electricity.
Jewellery
 l - a +2 ring of strength (right hand)
 C - a ring of positive energy (left hand)
 M - an amulet of regeneration (around neck)
Wands
 b - a wand of iceblast (14)
 u - a wand of random effects (14)
 w - a wand of enslavement (17)
 D - a wand of disintegration (3)
 G - a wand of polymorph (9)
 H - a wand of acid (12)
Scrolls
 h - 4 scrolls of teleportation
 s - 4 scrolls of blinking
 y - 5 scrolls of magic mapping
Potions
 d - 5 potions of might
 e - 6 potions of curing
 g - 5 potions of heal wounds
 i - 3 potions of flight
 j - 3 potions of mutation
 k - 2 potions of invisibility
 m - a potion of resistance
 o - 4 potions of lignification
 t - a potion of brilliance
 F - a potion of haste
 I - a potion of agility
 L - a potion of cancellation
 N - a potion of berserk rage
Comestibles
 f - 16 rations


   Skills:
 - Level 10.0 Fighting
 + Level 12.7 Axes
 + Level 5.2 Armour
 + Level 5.2 Dodging
 - Level 10.0 Shields
 - Level 6.0 Evocations


You had 12 spell levels left.
You didn't know any spells.
Your spell library contained the following spells:

 Spells                   Type           Power        Failure   Level  Hunger
 Corona                   Hex            #......      41%         1    ##.....
 Magic Dart               Conj           #...         41%         1    ##.....
 Pain                     Necr           #...         41%         1    ##.....
 Blink                    Tloc           N/A          56%         2    ###....
 Call Imp                 Summ           #.......     56%         2    ###....
 Ensorcelled Hibernation  Hex/Ice        #.....       56%         2    ###....
 Slow                     Hex            #.......     56%         2    ###....
 Confuse                  Hex            #.......     80%         3    ####...
 Conjure Flame            Conj/Fire      #.......     80%         3    ####...
 Dazzling Spray           Conj/Hex       #.....       80%         3    ####...
 Mephitic Cloud           Conj/Pois/Air  #.......     80%         3    ####...
 Tukima's Dance           Hex            #.......     80%         3    ####...


Dungeon Overview and Level Annotations

Branches:
Dungeon (12/15)            Temple (1/1) D:7            Lair (2/6) D:10
  Swamp (0/4) Lair:2          Orc (0/2) D:10
  Snake: Lair:2-4    Spider: Lair:2-4

Altars:
Ashenzari
Cheibriados
Dithmenos
Elyvilon
Fedhas
Gozag
Hepliaklqana
Kikubaaqudgha
Makhleb
Nemelex Xobeh
Okawaru
Qazlal
Ru
Sif Muna
Trog
Uskayaw
Vehumet
Wu Jian
Xom
Yredelemnul
Zin
The Shining One

Shops:
D:3 *   Lair:2 *


Innate Abilities, Weirdness & Mutations

You cannot wear boots.
Your serpentine skin is tough. (AC +4)
You have supernaturally acute eyesight. (SInv)
Armour fits poorly on your strangely shaped body.
Your system is resistant to poisons. (rPois)
You cover ground very slowly.
You have a slow metabolism.
You can spit poison.
You can use your snake-like lower body to constrict enemies.


Message History

[c] 450 gold - Pefuiv's General Store [d] 617 gold - Vokho's Assorted Antiques Fund which merchant?
You no longer have enough gold to bribe branches to halt enemies' attacks and recruit allies.
Vokho invites you to visit her Assorted Antiques.
O - a pitted war axe Thank you for shopping at Vokho's Assorted Antiques!
Wield which item (- for none, * to show all)? (? for menu, Esc to quit)
Your +2 broad axe of freezing stops glowing.
You feel stronger.
You feel clever.
You feel agile. It sticks to your hand!
O - the cursed +0 war axe of Ishits (weapon)
{chop, Str+4 Int+4 Dex+3}
As you read the scroll of remove curse, it crumbles to dust.
You feel as if something is helping you.
You are now empty-handed.
You drop the +0 war axe of Ishits {chop, Str+4 Int+4 Dex+3}.
Wield which item (- for none, * to show all)? (? for menu, Esc to quit)
Your +2 broad axe of freezing glows with a cold blue light!
B - a +2 broad axe of freezing (weapon)
Are you sure you want to abandon this character and quit the game? (Confirm with "yes".)

..... #+.#.#.P# ####
#........#P#.# # ######
##P.##..+#.... $## #....#
#...........777... ###P..##
###...(......07~~..# .......#
##.......>....7~~~7.#
#.###.####..#.........70000~.7
......###P..#....@....00000~7.
.#.#..#....##.........~00000~7
..<...'.###.#.[.......7~00~07~
.PP...### ##....P....77~~007
....#.# ####P..+#77 ~~~~7
...#### ##.... ~7.# ....
#..#P# 77 # P... ..#### ....
..#.


There were no monsters in sight!

Vanquished Creatures
  Harold (D:9)
  Erolcha (D:9)
  A centaur warrior (D:11)
  Erica (D:9)
  4 two-headed ogres
  A queen ant (D:11)
  Pikel (D:4)
  4 ugly things
  A manticore (D:11)
  Joseph (D:10)
  A gargoyle (D:10)
  A spiny frog (Lair:1)
  2 kobold demonologists (D:11)
  A komodo dragon (D:10)
  A polar bear (D:8)
  A hippogriff (Lair:1)
  4 blink frogs (Lair:1)
  A wraith (D:11)
  2 wyverns
  23 yaks
  A basilisk (D:10)
  2 hungry ghosts (D:11)
  Eustachio (D:4)
  A steam dragon (D:10)
  13 soldier ants (D:11)
  3 water moccasins (Lair:1)
  A porcupine (Lair:2)
  2 sky beasts
  4 ice beasts
  9 orc warriors
  A black bear (D:6)
  5 phantoms
  The ghost of Stiffzip the Ruffian, an amateur DrTm of Cheibriados (D:4)
  9 ogres
  7 centaurs
  4 crocodiles
  6 big kobolds
  Blork the orc (D:6)
  9 bullfrogs
  A wyvern skeleton (D:11)
  3 scorpions
  16 killer bees
  8 wights (D:12)
  2 electric eels (Lair:2)
  3 howler monkeys
  8 jellies
  8 crimson imps
  A centaur zombie (D:10)
  11 orc priests
  A bullfrog skeleton (D:7)
  3 hounds
  2 centaur skeletons
  3 iguanas
  11 orc wizards
  39 worker ants
  A killer bee zombie (D:9)
  A centaur simulacrum (D:8)
  A hound skeleton (D:4)
  A hound zombie (D:10)
  4 gnolls
  A howler monkey skeleton (D:8)
  13 adders
  A hound simulacrum (D:8)
  2 white imps (D:8)
  5 oozes (D:10)
  An adder skeleton (D:5)
  5 worms
  3 dart slugs
  An adder simulacrum (D:8)
  2 leopard geckos
  52 orcs
  6 bats
  3 giant cockroaches
  9 goblins
  5 hobgoblins
  3 jackals (D:9)
  6 quokkas
  4 ball pythons
  5 frilled lizards
  2 jackal skeletons
  21 kobolds
  A quokka skeleton (D:6)
  7 rats
  A fungus (Lair:1)
  A plant (Lair:1)
421 creatures vanquished.

Vanquished Creatures (others)
  An orc (D:9)
  A giant cockroach (D:4)
2 creatures vanquished.

Grand Total: 423 creatures vanquished

Notes
Turn   | Place    | Note
-------+----------+-------------------------------------------
     0 | D:1      | Duffy the Naga Fighter began the quest for the Orb.
     0 | D:1      | Reached XP level 1. HP: 21/21 MP: 1/1
   232 | D:1      | Reached XP level 2. HP: 25/28 MP: 2/2
   792 | D:1      | Reached XP level 3. HP: 27/34 MP: 3/3
  1295 | D:2      | Reached skill level 3 in Axes
  2042 | D:3      | Reached XP level 4. HP: 20/42 MP: 4/4
  2614 | D:3      | You fall through a shaft!
  2617 | D:4      | Found a runed door.
  2617 | D:4      | Noticed Stiffzip's ghost (amateur DrTm)
  2683 | D:4      | Reached XP level 5. HP: 30/49 MP: 5/5
  2957 | D:3      | Found Gozag's Platinum Reserve.
  3086 | D:3      | Found an opulent altar of Gozag.
  3102 | D:3      | Became a worshipper of Gozag Ym Sagoz the Greedy
  3242 | D:3      | Found a shimmering altar of Xom.
  3245 | D:3      | Found a snail-covered altar of Cheibriados.
  3247 | D:3      | Found an ornate altar of the Wu Jian Council.
  3248 | D:3      | Found a glowing golden altar of the Shining One.
  3249 | D:3      | Found a white marble altar of Elyvilon.
  3249 | D:3      | Found a blossoming altar of Fedhas.
  3249 | D:3      | Found an iron altar of Okawaru.
  3252 | D:3      | Found a radiant altar of Vehumet.
  3253 | D:3      | Found a shadowy altar of Dithmenos.
  3539 | D:4      | Reached skill level 4 in Axes
  3852 | D:4      | Noticed Eustachio
  3868 | D:4      | You fall through a shaft!
  3868 | D:5      | Entered Level 5 of the Dungeon
  3868 | D:5      | Noticed an ogre
  3972 | D:6      | Reached XP level 6. HP: 26/56 MP: 4/6
  4193 | D:5      | Reached skill level 5 in Axes
  4226 | D:4      | Found a runed door.
  4408 | D:4      | Reached skill level 1 in Evocations
  4408 | D:4      | Reached XP level 7. HP: 55/62 MP: 7/7
  4633 | D:4      | Killed Eustachio
  4633 | D:4      | Reached skill level 5 in Shields
  4688 | D:4      | Noticed Pikel
  4707 | D:4      | Killed Pikel
  4707 | D:4      | Reached skill level 6 in Axes
  4707 | D:4      | Reached XP level 8. HP: 61/69 MP: 8/10
  4944 | D:4      | Killed Stiffzip's ghost
  5683 | D:6      | Reached skill level 7 in Axes
  5776 | D:6      | Found Uwkutal's Food Boutique.
  5855 | D:6      | Noticed Blork the orc
  5869 | D:6      | Reached XP level 9. HP: 56/75 MP: 9/12
  5871 | D:6      | Killed Blork the orc
  5871 | D:6      | Reached skill level 5 in Evocations
  6598 | D:6      | Found a deep blue altar of Sif Muna.
  6625 | D:6      | Identified Sif Muna's Reference Book on Sinister Magic
  7225 | D:7      | Reached skill level 8 in Axes
  7542 | D:7      | Found a staircase to the Ecumenical Temple.
  7551 | Temple   | Entered the Ecumenical Temple
  8660 | D:8      | Noticed a polar bear
  8668 | D:8      | Killed a polar bear
  8668 | D:8      | Reached skill level 9 in Axes
  8668 | D:8      | Reached XP level 10. HP: 74/84 MP: 12/14
  8777 | D:8      | You fall through a shaft for 2 floors!
  8777 | D:10     | Entered Level 10 of the Dungeon
  8797 | D:10     | Found a staircase to the Orcish Mines.
  8808 | D:10     | Noticed a gargoyle
  8811 | D:10     | Killed a gargoyle
  9489 | D:10     | Noticed a two-headed ogre
  9495 | D:10     | Killed a two-headed ogre
  9495 | D:10     | Reached skill level 10 in Axes
  9503 | D:10     | Noticed Joseph
  9545 | D:10     | Killed Joseph
 10420 | D:8      | Found a shattered altar of Ashenzari.
 10601 | D:8      | Got a steaming falchion
 10639 | D:8      | Identified the +7 falchion "Daet" {slice, Dex+7} (You found
                  | it on level 8 of the Dungeon)
 10702 | D:8      | Noticed a two-headed ogre
 10710 | D:8      | Killed a two-headed ogre
 10710 | D:8      | Reached XP level 11. HP: 38/93 MP: 5/15
 11427 | D:6      | Bought a ration for 60 gold pieces
 11427 | D:6      | Bought a ration for 60 gold pieces
 11427 | D:6      | Bought a ration for 60 gold pieces
 11427 | D:6      | Bought a ration for 60 gold pieces
 11427 | D:6      | Bought a ration for 60 gold pieces
 11427 | D:6      | Bought a ration for 60 gold pieces
 11427 | D:6      | Bought a ration for 60 gold pieces
 11427 | D:6      | Bought a ration for 60 gold pieces
 11427 | D:6      | Bought a ration for 60 gold pieces
 11427 | D:6      | Bought a ration for 60 gold pieces
 11427 | D:6      | Bought a ration for 60 gold pieces
 11465 | D:9      | Noticed Erolcha
 11472 | D:9      | Killed Erolcha
 11472 | D:9      | Reached skill level 11 in Axes
 11509 | D:9      | Reached skill level 5 in Fighting
 11952 | D:9      | Noticed Erica
 11959 | D:9      | Noticed Harold
 11986 | D:9      | Killed Erica
 12000 | D:9      | Killed Harold
 12544 | D:11     | Noticed a two-headed ogre
 12551 | D:11     | Killed a two-headed ogre
 12551 | D:11     | Reached skill level 10 in Shields
 12580 | D:11     | Noticed a centaur warrior
 12595 | D:11     | Killed a centaur warrior
 12798 | D:10     | Identified a scroll of acquirement
 12818 | D:11     | Reached skill level 1 in Dodging
 13325 | D:11     | Reached XP level 12. HP: 74/106 MP: 12/16
 13573 | D:11     | Noticed a queen ant
 13826 | D:11     | Reached skill level 12 in Axes
 14574 | D:11     | You fall through a shaft!
 14616 | D:11     | Got a spiked leather armour
 14643 | D:11     | Identified the +2 leather armour of Eraeda {rElec Str-3
                  | Int+3} (You found it on level 11 of the Dungeon)
 14858 | D:11     | Killed a queen ant
 15269 | D:11     | Found a blossoming altar of Fedhas.
 15608 | D:11     | Reached skill level 5 in Armour
 16595 | D:12     | Identified the +7 falchion "Bimpahet" {elec, rPois MR++}
 16604 | D:12     | Noticed a two-headed ogre
 16613 | D:12     | Killed a two-headed ogre
 16613 | D:12     | Reached skill level 5 in Dodging
 17247 | D:10     | Found a staircase to the Lair.
 17296 | Lair:1   | Entered Level 1 of the Lair of Beasts
 17384 | Lair:1   | Gained mutation: You can use your snake-like lower body to
                  | constrict enemies. [Naga growth]
 17384 | Lair:1   | Reached XP level 13. HP: 76/122 MP: 17/17
 17588 | Lair:1   | Reached skill level 10 in Fighting
 18461 | Lair:2   | Found a staircase to the Swamp.
 18530 | Lair:2   | Bought a pitted war axe for 263 gold pieces
 18530 | Lair:2   | Identified the cursed +0 war axe of Ishits {chop, Str+4
                  | Int+4 Dex+3} (You bought it in a shop on level 2 of the
                  | Lair of Beasts)
 18534 | Lair:2   | Quit the game

Vault maps used:
D:1:      elethiomel_arrival_infinity_welcomes_careful_drivers
D:2:      first_ration
D:3:      minitemple, nicolae_gozag_zags_fifth_avenue, minmay_vboxes
D:4:      ebering_ghost_sewer_f, uniq_pikel, uniq_eustachio
D:5:      kennysheep_generic_room_12
D:6:      led_sif_book, serial_shops, shop, minmay_fractal_squares_5,
          uniq_blork_the_orc
D:7:      minmay_temple_entry_poolview
D:8:      old_standard_altar, serial_ice, serial_ice_n, serial_ice_h,
          serial_ice_f, serial_ice_c
D:9:      uniq_erica, uniq_harold, uniq_erolcha
D:10:     erik_lair_dragon, orc_0_dummy, hangedman_little_slice_of_home,
          uniq_joseph
D:11:     basic_altar, zaba_anthell
Temple:   jpeg_temple_alley_garden
Lair:1:   minivault_11
Lair:2:   swamp_mist_pool, minmay_snake_entry_guardpost_medium

Skill      XL: |  1  2  3  4  5  6  7  8  9 10 11 12 13 |
---------------+----------------------------------------+-----
Shields        | 3 4 5 6 7 9 10 | 10.0
Axes           | 3 4 5 6 7 9 10 11 12 | 12.7
Evocations     | 1 3 4 6 |  6.0
Fighting       | 4 6 9 10 | 10.0
Dodging        | 1 5 |  5.2
Armour         | 3 5 |  5.2

Action                   |  1- 3 |  4- 6 |  7- 9 | 10-12 | 13-15 || total
-------------------------+-------+-------+-------+-------+-------++-------
Melee: War axe           |   116 |   185 |   327 |   342 |       ||   970
       Broad axe         |       |       |       |   464 |    79 ||   543
       Constrict         |       |       |       |       |    16 ||    16
Invok: Call Merchant     |       |       |       |       |     1 ||     1
 Abil: Spit Poison       |       |       |     5 |     3 |       ||     8
Evoke: Wand              |       |     1 |     8 |    37 |       ||    46
  Use: Scroll            |       |       |     7 |    15 |     3 ||    25
       Potion            |       |       |     2 |     1 |       ||     3
 Stab: Distracted        |       |       |     2 |     4 |     1 ||     7
       Held in net/web   |       |       |       |     3 |       ||     3
  Eat: Chunk             |     2 |     4 |       |       |       ||     6
       Ration            |       |     1 |     3 |     8 |     2 ||    14
Armor: Scale mail        |    37 |       |       |       |       ||    37
       Leather armour    |     3 |   107 |   129 |   196 |    11 ||   446
Dodge: Dodged            |    22 |    64 |    95 |   207 |    16 ||   404
Block: Shield            |    66 |   114 |   176 |   431 |    44 ||   831

Table legend:
 A = Non-vault XP
 B = Vault XP
 C = Vault XP percentage of total XP
 D = Non-vault monster count
 E = Vault monster count
 F = Vault count percentage of total count
                 A         B        C        D         E       F
            +---------+---------+-------+---------+---------+-------
      Total |   25576 |   11518 |  31.1 |     307 |     113 |  26.9
            +---------+---------+-------+---------+---------+-------
        D:1 |      37 |       0 |   0.0 |      13 |       0 |   0.0
        D:2 |      33 |       0 |   0.0 |      14 |       0 |   0.0
        D:3 |      33 |      24 |  42.1 |      16 |       7 |  30.4
        D:4 |     342 |     954 |  73.6 |      13 |       7 |  35.0
        D:5 |     387 |       3 |   0.8 |      13 |       1 |   7.1
        D:6 |    1026 |     296 |  22.4 |      33 |       7 |  17.5
        D:7 |     986 |     129 |  11.6 |      17 |       1 |   5.6
        D:8 |    1982 |     490 |  19.8 |      21 |       7 |  25.0
        D:9 |    1802 |    2941 |  62.0 |      28 |       3 |   9.7
       D:10 |    2538 |    1747 |  40.8 |      23 |      15 |  39.5
       D:11 |    6625 |    4934 |  42.7 |      48 |      65 |  57.5
       D:12 |    4502 |       0 |   0.0 |      39 |       0 |   0.0
     Lair:1 |    3748 |       0 |   0.0 |      19 |       0 |   0.0
     Lair:2 |    1535 |       0 |   0.0 |      10 |       0 |   0.0
            +---------+---------+-------+---------+---------+-------
